 Dungeon Crawl Stone Soup version 0.22.0-2-ge58baed0e8 (webtiles) character file.

62 Ramireus the Charmwright (level 4, -1/33 HPs)
             Began as a Merfolk Skald on Aug 13, 2018.
             Was an Initiate of Ashenzari.
             Killed by divine providence
             ... invoked by an orc priest
              (14 damage)
             ... on level 3 of the Dungeon.
             The game lasted 00:08:49 (2381 turns).

Ramireus the Charmwright (Merfolk Skald)            Turns: 2381, Time: 00:08:50

Health: -1/33      AC:  3    Str: 11    XL:     4   Next: 8%
Magic:  1/7        EV: 12    Int: 13    God:    Ashenzari [......]
Gold:   54         SH:  0    Dex: 13    Spells: 4/7 levels left

rFire    . . .     SeeInvis .   a - +0 spear
rCold    . . .     Gourm    .   (no shield)
rNeg     . . .     Faith    .   b - +0 leather armour
rPois    .         Spirit   .   (no helmet)
rElec    .         Reflect  .   (no cloak)
rCorr    .         Harm     .   (no gloves)
MR       .....                  (no boots)
Stlth    +.........             (no amulet)
HPRegen  0.11/turn              (no ring)
MPRegen  0.10/turn              (no ring)

@: infused (expiring)
A: change form in water, swift swim, stealthy swim
a: Curse Item, Renounce Religion


You were on level 3 of the Dungeon.
You worshipped Ashenzari.
Ashenzari was noncommittal.
You were hungry.

You visited 1 branch of the dungeon, and saw 3 of its levels.

You collected 54 gold pieces.

Inventory:

Hand Weapons
 a - a +0 spear (weapon)
Armour
 b - a +0 leather armour (worn)
Scrolls
 c - 3 scrolls of magic mapping {unknown}
 f - 3 scrolls of identify {unknown}
 g - 2 scrolls of remove curse
 h - 2 scrolls of blinking {unknown}
 i - a scroll of teleportation {unknown}
 m - a scroll of enchant armour {unknown}
Potions
 e - a potion of ambrosia {unknown}
 j - a potion of brilliance {unknown}
 l - a potion of flight {unknown}
 n - a potion of curing {unknown}
Comestibles
 d - 7 rations
 k - a chunk of flesh


   Skills:
 + Level 2.2 Fighting
 + Level 3.9 Polearms
 + Level 1.4 Armour
 + Level 2.7 Dodging
 * Level 2.3 Spellcasting
 * Level 4.0 Charms
 + Level 0.3 Translocations


You had 4 spell levels left.
You knew the following spells:

 Your Spells              Type           Power        Failure   Level  Hunger
a - Infusion              Chrm           ##..         6%          1    #......
b - Shroud of Golubria    Chrm/Tloc      #.........   21%         2    ###....

Your spell library contained the following spells:

 Spells                   Type           Power        Failure   Level  Hunger
 Regeneration             Chrm/Necr      #.........   38%         3    ###....
 Song of Slaying          Chrm           ##......     10%         2    ###....
 Spectral Weapon          Hex/Chrm       #.......     38%         3    ###....


Dungeon Overview and Level Annotations

Branches:
Dungeon (3/15)

Altars:
Ashenzari
Dithmenos
Fedhas
Ru
Sif Muna
Wu Jian


Message History

Your shroud falls apart!
You barely miss the orc.
The orc is severely wounded.
The orc hits you.
You barely miss the orc.
The orc is severely wounded.
The orc priest calls down the wrath of Beogh upon you.
Beogh smites you! The orc hits you.
You hit the orc.
You kill the orc!
Your magical infusion is running out.
You hit the orc priest.
The orc priest is moderately wounded.
The orc priest barely misses you.
You are feeling hungry.
You hit the orc priest.
The orc priest is severely wounded.
The orc priest invokes the aid of Beogh against you.
Beogh smites you!
You die...

o#.............
o#.....>.......
o#......#.#####
.#......#.#####
.#.....##....#.
###.#.#########.#.
#lo.#.# #.##
#o#.#.# #.#.
#@###.# #.#.
#.....# #.#.
####### #######.#.
#.......#.
#.######## #.#
#<... #.# #####
#.#
########.#######


You could see an orc priest, an orc and a frilled lizard.

Vanquished Creatures
  2 adders (D:2)
  A worm (D:3)
  A dart slug (D:2)
  An orc (D:3)
  2 giant cockroaches
  7 goblins
  6 hobgoblins (D:1)
  4 quokkas
  2 bats
  3 frilled lizards
  4 kobolds
  2 rats
35 creatures vanquished.

Notes
Turn   | Place    | Note
-------+----------+-------------------------------------------
     0 | D:1      | Ramireus the Merfolk Skald began the quest for the Orb.
     0 | D:1      | Reached XP level 1. HP: 16/16 MP: 3/3
   157 | D:1      | Reached XP level 2. HP: 11/22 MP: 0/5
   169 | D:1      | Learned a level 2 spell: Shroud of Golubria
  1018 | D:2      | Reached skill level 1 in Armour
  1041 | D:2      | Reached XP level 3. HP: 12/27 MP: 2/6
  1242 | D:2      | Found a blossoming altar of Fedhas.
  1255 | D:2      | Found a deep blue altar of Sif Muna.
  1759 | D:2      | Found a sacrificial altar of Ru.
  1759 | D:2      | Found an ornate altar of the Wu Jian Council.
  1759 | D:2      | Found a shattered altar of Ashenzari.
  1766 | D:2      | Became a worshipper of Ashenzari the Shackled
  2061 | D:3      | Reached skill level 4 in Charms
  2158 | D:3      | Reached XP level 4. HP: 21/33 MP: 4/7
  2288 | D:3      | Found a shadowy altar of Dithmenos.
  2381 | D:3      | Killed from afar by an orc priest

Skill      XL: |  1  2  3 |
---------------+----------+-----
Armour         | 1 |  1.4
Charms         | 4 |  4.0
Fighting       | |  2.2
Polearms       | |  3.9
Dodging        | |  2.7
Spellcasting   | |  2.3
Translocations | |  0.3

Action                   |  1- 3 |  4- 6 || total
-------------------------+-------+-------++-------
Melee: Spear             |   130 |    14 ||   144
 Cast: Infusion          |    14 |     1 ||    15
       Shroud of Golubri |     3 |     1 ||     4
 Stab: Sleeping          |     1 |     1 ||     2
  Eat: Chunk             |     5 |       ||     5
Armor: Leather armour    |    17 |     2 ||    19
Dodge: Dodged            |    34 |     2 ||    36
